Map: Dusk Towers

Players

blackxored

  • Race: Zerg Zerg
  • League: Platinum

Stiii - Winner!

  • Race: Zerg Zerg
  • League: Platinum

VOD

Have the link to the VOD?

Description

Time

  • Played on: June 26, 2016, 4:32 p.m.
  • Length: 15:32
Show
View Real Time Build Order
Export as new Build Order

blackxored Zerg 

Build Orders: Hatch First, Muta Ling Bane 

Get SALT Encoding   

  12  0:01  Drone  
  13  0:09  Drone  
  14  0:20  Overlord  
  14  0:25  Extractor  
  14  0:26  Drone  
  15  0:39  Drone x2  
  17  0:53  Hatchery  
  17  0:56  Drone  
  17  0:59  Drone  
  18  1:11  Extractor  
  17  1:15  Spawning Pool  
  17  1:17  Drone  
  17  1:20  Drone  
  18  1:34  Drone  
  19  1:41  Overlord  
  19  1:54  Drone  
  20  2:02  Zergling x2  
  20  2:03  Queen  
  20  2:05  Queen  
  20  2:06  Zergling x2  
  26  2:16  Metabolic Boost  
  26  2:20  Spine Crawler  
  27  2:22  Zergling x4  
  27  2:36  Drone x3  
  30  2:41  Baneling Nest, Drone  
  30  3:01  Drone  
  30  3:02  Drone x3  
  33  3:17  Hatchery  
  32  3:25  Drone x3  
  32  3:26  Drone  
  36  3:36  Baneling  
  36  3:37  Baneling x4  
  36  3:41  Overlord  
  36  3:43  Overlord  
  36  4:05  Drone x10  
  36  4:09  Extractor  
  45  4:10  Extractor  
  45  4:11  Lair  
  44  4:19  Drone x2  
  44  4:21  Extractor  
  44  4:22  Drone  
  46  4:26  Drone  
  46  4:31  Drone x2  
  49  4:32  Overlord x2  
  49  4:38  Queen  
  49  4:42  Overlord  
  51  4:58  Drone x9  
  60  5:00  Overlord  
  60  5:06  Drone  
  61  5:08  Drone  
  61  5:13  Extractor  
  61  5:15  Extractor  
  61  5:17  Drone x5  
  65  5:34  Drone  
  66  5:37  Spire, Zergling x14  
  66  5:39  Overseer  
  66  5:42  Overseer  
  72  5:56  Drone x8  
  80  6:10  Drone  
  80  6:11  Drone x5  
  86  6:25  Overlord x3, Hatchery  
  85  6:26  Overlord x2  
  85  6:37  Overlord x2  
  85  6:38  Overlord x2  
  85  6:50  Drone, Mutalisk x5  
  85  6:51  Extractor, Drone x3  
  85  6:53  Zerg Flyer Armor Level 1  
  98  6:56  Extractor  
  98  7:00  Drone  
  98  7:02  Drone  
  98  7:08  Mutalisk x5  
  99  7:09  Mutalisk x2  
  99  7:13  Overseer  
  113  7:20  Mutalisk  
  113  7:21  Mutalisk x4  
  123  7:32  Overseer  
  123  7:38  Mutalisk  
  123  7:39  Mutalisk x3  
  123  7:43  Drone x5  
  123  7:44  Drone x2  
  138  7:57  Drone x5  
  140  8:15  Mutalisk x2  
  144  8:21  Overseer  
  144  8:24  Infestation Pit  
  144  8:25  Drone  
  144  8:27  Evolution Chamber  
  144  8:28  Drone x2, Evolution Chamber  
  144  8:42  Centrifical Hooks  
  144  8:45  Overlord x4  
  144  8:47  Zerg Flyer Weapons Level 1  
  144  9:00  Hatchery  
  129  9:46  Hive, Zerg Melee Weapons Level 1  
  129  9:47  Mutalisk x17, Zerg Ground Armor Level 1  
  163  10:04  Drone  
  163  10:05  Drone x2  
  166  10:09  Zergling x2  
  166  10:10  Zergling x2  
  166  10:11  Overlord x5  
  166  10:12  Overlord  
  168  10:14  Overlord  
  168  10:15  Overlord x3  
  152  11:08  Zergling x36  
  164  11:18  Ultralisk Cavern  
  161  11:35  Zergling x22  
  112  11:59  Mutalisk x8  
  92  12:04  Hatchery  
  92  12:06  Hatchery  
  92  12:08  Hatchery  
  89  12:15  Zergling x10  
  79  12:25  Zergling x6  
  79  12:27  Chitinous Plating  
  65  12:31  Queen  
  64  12:38  Zergling x14  
  65  12:49  Zergling x4  
  65  12:50  Spine Crawler  
  66  12:52  Spine Crawler  
  66  12:53  Spine Crawler  
  66  12:54  Spine Crawler x2  
  66  12:56  Spine Crawler  
  66  12:57  Spine Crawler  
  59  12:58  Spine Crawler x2  
  59  12:59  Spine Crawler  
  59  13:00  Spine Crawler  
  45  13:32  Drone x2  
  36  13:35  Drone x2  
  36  13:37  Drone x2  
  33  13:48  Overlord x2  
  33  13:49  Overlord x7  
  22  14:20  Spawning Pool  
  18  15:06  Zergling x4  
  21  15:07  Zergling x12  
  21  15:08  Zergling x2  
  33  15:19  Extractor  
  33  15:20  Extractor  
Show
View Real Time Build Order
Export as new Build Order

Stiii Zerg - Winner!

Build Orders: Hatch First, Lurkers 

Get SALT Encoding   

  12  0:00  Drone  
  13  0:12  Overlord  
  13  0:17  Drone  
  14  0:30  Drone  
  14  0:31  Drone  
  14  0:34  Drone  
  17  0:45  Drone  
  18  0:58  Hatchery  
  18  1:00  Extractor  
  16  1:19  Drone x3  
  16  1:23  Spawning Pool  
  18  1:31  Drone  
  18  1:42  Drone  
  19  1:52  Drone  
  20  2:02  Overlord  
  20  2:09  Queen  
  20  2:10  Queen  
  20  2:12  Metabolic Boost  
  24  2:16  Zergling x2  
  24  2:19  Zergling x2  
  24  2:22  Drone  
  27  2:26  Drone  
  28  2:31  Drone  
  28  2:34  Drone  
  30  2:43  Baneling Nest, Drone  
  30  2:46  Zergling x2  
  31  2:52  Drone  
  31  2:55  Overlord  
  32  3:03  Drone  
  33  3:06  Drone  
  34  3:14  Drone  
  34  3:18  Drone  
  36  3:22  Drone  
  36  3:23  Drone  
  36  3:25  Hatchery  
  37  3:27  Drone  
  37  3:30  Extractor, Drone  
  38  3:34  Overlord  
  38  3:37  Drone  
  38  3:40  Drone  
  40  3:42  Drone  
  40  3:44  Drone  
  40  3:46  Drone  
  43  3:49  Extractor  
  43  3:52  Drone  
  43  3:55  Roach Warren  
  42  3:56  Drone  
  42  4:02  Lair  
  43  4:05  Drone  
  43  4:06  Extractor  
  43  4:07  Drone  
  43  4:08  Drone  
  45  4:11  Drone  
  45  4:12  Drone  
  45  4:15  Overlord  
  47  4:18  Drone  
  47  4:19  Drone  
  47  4:23  Drone  
  50  4:29  Drone  
  51  4:32  Overlord, Drone  
  51  4:33  Overlord  
  51  4:38  Drone  
  53  4:42  Evolution Chamber  
  52  4:45  Evolution Chamber  
  52  4:48  Drone x3  
  52  4:49  Drone x2  
  52  4:50  Drone  
  52  4:52  Drone  
  58  4:57  Drone  
  58  4:59  Drone  
  60  5:01  Drone  
  60  5:07  Drone x3  
  62  5:08  Glial Reconstitution  
  62  5:13  Zerg Missile Weapons Level 1  
  62  5:14  Drone, Zerg Ground Armor Level 1  
  64  5:16  Drone  
  64  5:19  Drone  
  64  5:20  Extractor x2  
  65  5:22  Queen  
  65  5:24  Drone  
  65  5:27  Drone x2  
  65  5:28  Drone  
  71  5:29  Drone  
  71  5:33  Drone x2  
  71  5:35  Drone  
  75  5:36  Drone x2  
  75  5:38  Drone, Spore Crawler  
  75  5:42  Drone, Spore Crawler  
  77  5:45  Drone, Spore Crawler  
  77  5:46  Drone  
  77  5:47  Drone  
  77  5:48  Drone  
  80  5:50  Drone  
  80  5:52  Drone  
  81  5:57  Spire  
  81  5:58  Drone  
  81  6:03  Hydralisk Den  
  80  6:07  Drone  
  80  6:08  Overlord x2  
  80  6:09  Overlord  
  81  6:16  Overlord x2  
  81  6:34  Hatchery  
  80  6:43  Hydralisk  
  80  6:44  Hydralisk x8, Muscular Augments  
  98  6:54  Spore Crawler  
  98  6:56  Spore Crawler  
  98  6:57  Spore Crawler  
  95  7:08  Hydralisk  
  95  7:09  Hydralisk x5  
  95  7:11  Centrifical Hooks  
  95  7:12  Spore Crawler x2  
  95  7:13  Spore Crawler  
  95  7:14  Zergling x4  
  106  7:16  Spore Crawler, Zerg Flyer Armor Level 1  
  106  7:20  Spore Crawler  
  104  7:22  Infestation Pit  
  104  7:26  Spore Crawler  
  104  7:28  Spore Crawler  
  101  7:31  Zerg Missile Weapons Level 2  
  101  7:34  Spore Crawler  
  101  7:35  Spore Crawler  
  101  7:37  Drone x3  
  101  7:39  Zerg Ground Armor Level 2  
  101  7:40  Drone  
  101  7:42  Drone  
  104  7:48  Drone  
  104  7:49  Drone  
  106  7:57  Drone x4  
  106  7:58  Drone  
  111  8:15  Baneling  
  111  8:16  Baneling x8  
  111  8:20  Lurker Den  
  111  8:26  Hive  
  104  8:40  Queen  
  106  8:42  Queen x2  
  106  8:44  Hydralisk x6  
  106  8:45  Hydralisk x2  
  106  8:46  Zergling x2  
  127  8:50  Overlord x2  
  127  8:51  Overlord  
  127  8:57  Roach Warren  
  127  8:59  Overlord  
  127  9:00  Overlord x2  
  118  9:35  Zergling x2  
  118  9:36  Zergling x14  
  118  9:37  Zergling x18  
  135  9:45  Zergling x2  
  136  9:57  Infestation Pit, Greater Spire  
  135  10:01  Hydralisk x4, Zerg Melee Weapons Level 1, Zerg Ground Armor Level 3  
  135  10:02  Hydralisk x4  
  135  10:04  Overlord x3  
  151  10:15  Overlord  
  151  10:16  Overlord x3  
  151  10:23  Lurker x5  
  151  10:27  Corruptor x3  
  151  10:28  Corruptor  
  162  11:00  Spore Crawler  
  162  11:02  Spore Crawler  
  160  11:05  Spore Crawler  
  160  11:06  Spore Crawler x2  
  160  11:10  Spore Crawler  
  152  11:49  Hydralisk  
  152  11:50  Hydralisk x10  
  152  11:51  Hydralisk x12  
  152  11:52  Hydralisk x3  
  193  12:39  Hydralisk  
  193  12:40  Hydralisk x2  
  191  14:15  Zergling x6  
  189  15:27  Hatchery  
Tags
 
Add a new tag
Caveats
  • Supply blocks, unpowered buildings, or Contaminate may cause inaccurate times.
  • Supply counts are checked every 10 seconds.